AoeStats
← NPG | FishCL

Nomad

508248880Analyzed
4v4 RM · 9d ago on Sep 21, 2026· 33m 7s· 8 players
Game mode
Random Map
Map size
231×231
Population
200
Speed
Normal
Resources
Standard
Victory
Conquest
Starting age
Dark Age
Ending age
Imperial Age
RankedLock teamsTeams togetherTeam positionsShared explorationLock speedFull tech treeHidden civsTurbo modeCheats
Victory
Defeat
🇭🇰 Byzantines · Hong Kong SAR China
1883
+5
🇲🇾 Poles · Malaysia
1870
+5
🇬🇧 Magyars · United Kingdom
1820
+6
🇳🇱 Britons · Netherlands
1662
+11
🇲🇽 Jurchens · Mexico
1643
-9
🇦🇷 Maya · Argentina
1594
-7
🇨🇱 Portuguese · Chile
1559
-6
🇵🇪 Teutons · Peru
1513
-5
B3rserk
9:22 Loom
11:34 Feudal Age
12:07 Double-Bit Axe
12:52 Fishing Lines
17:19 Wheelbarrow
22:33 Castle Age
21:32 Stone Mining
23:26 Medium Warships
23:52 Gold Mining
24:38 Szlachta Privileges
24:43 Gillnets
25:09 Scale Barding Armor
25:29 Bloodlines
26:27 Chain Barding Armor
26:27 Husbandry
27:16 Forging
Serenity
3:43 Loom
16:03 Feudal Age
20:00 Castle Age
18:52 Fishing Lines
19:11 Double-Bit Axe
21:43 Medium Warships
22:35 Forging
22:59 Town Watch
23:49 Wheelbarrow
23:25 Bow Saw
25:26 Gillnets
28:10 Stone Mining
28:16 Gold Mining
31:32 Imperial Age
30:58 Gold Shaft Mining
31:21 Ballistics
30:52 Fletching
32:11 Bodkin Arrow
33:23 Chemistry
32:59 Hand Cart
33:25 Bracer
Torpedo
4:51 Loom
13:16 Feudal Age
13:54 Double-Bit Axe
14:48 Town Watch
18:05 Scale Barding Armor
20:36 Castle Age
19:58 Bloodlines
20:43 Horse Collar
20:45 Light Cavalry
24:17 Fervor
25:15 Bow Saw
30:47 Wheelbarrow
30:24 Heavy Plow
32:03 Chain Barding Armor
32:05 Town Watch
32:12 Gold Mining
32:12 Stone Mining
Hui
3:43 Loom
15:17 Feudal Age
15:49 Double-Bit Axe
21:03 Castle Age
18:51 Fishing Lines
21:25 Fletching
22:01 Bow Saw
23:28 Wheelbarrow
22:34 Horse Collar
23:23 Bodkin Arrow
24:53 Medium Warships
34:49 Imperial Age
32:35 Hand Cart
32:09 Crossbowman
32:51 Padded Archer Armor
32:53 Gold Mining
VX | Anubis
5:19 Loom
13:18 Feudal Age
17:08 Castle Age
16:56 Forging
18:12 Medium Warships
19:34 Double-Bit Axe
23:09 Bow Saw
23:49 Horse Collar
29:32 Wheelbarrow
28:59 Heavy Plow
30:11 Fletching
31:32 Town Watch
KOF Bzazel
4:30 Loom
12:49 Feudal Age
13:21 Double-Bit Axe
14:26 Horse Collar
16:58 Wheelbarrow
24:34 Castle Age
25:28 Bow Saw
25:52 Hand Cart
27:45 Bloodlines
28:47 Scale Barding Armor
28:52 Heavy Plow
31:00 Chain Barding Armor
32:18 Forging
NPG | FishCL
4:40 Loom
14:11 Feudal Age
20:37 Castle Age
19:36 Fishing Lines
21:15 Double-Bit Axe
24:14 Stone Mining
24:38 Bow Saw
28:22 Wheelbarrow
30:39 Horse Collar
[KOF] JoakoM
12:55 Feudal Age
13:47 Loom
16:41 Castle Age
16:22 Double-Bit Axe
17:36 Bow Saw
20:45 Fletching
25:03 Loom
29:03 Ballistics
30:01 Bodkin Arrow
Connection lost

Rejoining the realm…

Still unreachable

The connection could not be restored.

Session expired

The server has moved on; the page needs a fresh start.